 Dungeon Crawl Stone Soup version 0.17-a0-1078-g243345b (webtiles) character file.

260900 RobertPalmer the Warrior (level 19, -5/261 HPs)
             Began as a Naga Chaos Knight on May 19, 2015.
             Slain by a slime creature (15 damage)
             ... while paralysed by you
             ... on level 3 of the Vaults.
             The game lasted 02:13:05 (40608 turns).

RobertPalmer the Warrior (Naga Chaos Knight)       Turns: 40608, Time: 02:13:05

Health: -5/261     AC:  0    Str: 19    XL:     19   Next: 94%
Magic:  26/26      EV:  3    Int: 21    God:    Xom [..*...]
Gold:   2950       SH:  0    Dex: 13    Spells: 3 memorised, 13 levels left

rFire  . . .     SeeInvis +     (weapon currently unavailable)
rCold  . . .     Clarity  .     (armour currently unavailable)
rNeg   . . .     SustAb   .     (shield currently unavailable)
rPois  .         Gourm    .     (helmet currently unavailable)
rElec  .         Spirit   .     (cloak currently unavailable)
rCorr  .         Warding  .     (gloves currently unavailable)
rMut   .         Stasis   .     (no barding)
MR     ++...                    V - amulet of regeneration {+regen, !d}
Stlth  ..........               (ring currently unavailable)
                                (ring currently unavailable)

@: paralysed, berserking (expiring), pig-form (expiring), slowed, very quick,
very resistant to hostile enchantments, extremely unstealthy
A: (large bone plates 0), (slimy green scales 0), see invisible, clever 1, (cold
resistance 0), (deformed body), (fire resistance 0), frail 1, sense surroundings
2, (poison resistance), (slowness 0), slow metabolism 1, spit poison 2, no
device heal 1, (constrict 1), AC +6
a: Spit Poison, Renounce Religion
}: 2/15 runes: serpentine, barnacled


You were on level 3 of the Vaults.
You worshipped Xom.
You were a toy of Xom.
You were not hungry.
You were a filthy swine.
You visited 7 branches of the dungeon, and saw 37 of its levels.
You also visited: Labyrinth, Sewer, Ice Cave and Volcano.

You collected 4073 gold pieces.
You spent 834 gold pieces at shops.

Inventory:

Hand weapons
 a - a +4 double sword of flaming (melded)
   (You bought it in a shop on level 1 of the Orcish Mines)
Missiles
 j - 6 throwing nets {=f, !d}
Armour
 i - a +1 pair of gloves (melded)
   (You found it on level 1 of the Dungeon)
 u - a +0 large shield of protection (melded)
   (You took it off Mennas on level 3 of the Vaults)
 B - a +1 cloak (melded)
   (You found it on level 2 of the Vaults)
 H - a +2 hat (melded)
   (You took it off an octopode crusher on level 3 of the Shoals)
 M - a +4 troll leather armour (melded) {regen}
   (You found it on level 10 of the Dungeon)
 Z - a +4 naga barding of flying (melded)
   (Xom gifted it to you on level 4 of the Orcish Mines)
Magical staves
 P - an uncursed staff of wizardry {wiz+, !a}
   (You found it on level 13 of the Dungeon)
Rods
 b - a +9 rod of inaccuracy (11/11) {!a}
   (You found it in a labyrinth)
 A - a +9 rod of the swarm (9/9) {!a}
   (You found it in a labyrinth)
Jewellery
 n - a +5 ring of evasion (melded)
   (You found it on level 2 of the Lair of Beasts)
 I - a +6 ring of slaying (melded)
   (You found it on level 1 of the Lair of Beasts)
 K - an uncursed amulet of resist mutation {rMut, !d}
   (You found it on level 1 of the Vaults)
 N - an uncursed amulet of the gourmand {Gourm, !d}
   (Xom gifted it to you on level 1 of the Vaults)
 S - a cursed ring of teleportation {+/*tele, !d}
   (You found it on level 12 of the Dungeon)
 V - an amulet of regeneration (around neck) {+regen, !d}
   (Xom gifted it to you on level 4 of the Snake Pit)
Magical devices
 k - a wand of heal wounds (1)
   (You found it on level 1 of the Snake Pit)
 E - a wand of paralysis (10)
   (You found it on level 4 of the Snake Pit)
 F - a wand of teleportation (6)
   (You found it on level 7 of the Lair of Beasts)
 U - a wand of digging (13)
   (You found it in a volcano)
Scrolls
 f - 3 scrolls of teleportation
 m - 4 scrolls of amnesia
 p - 5 scrolls of fear
 t - 4 scrolls of magic mapping {!r}
 w - a scroll of blinking {!r}
 x - 4 scrolls of enchant armour
 y - 2 scrolls of brand weapon
 z - 11 scrolls of remove curse
 Y - 2 scrolls of fog
Potions
 g - 3 potions of might
 h - 6 potions of haste
 l - 9 potions of curing
 o - 2 potions of magic
 r - 4 potions of heal wounds
 v - 2 potions of berserk rage {!q}
 G - 2 potions of cancellation
 J - 2 potions of invisibility
 T - a potion of agility
Miscellaneous
 C - a fan of gales
   (You found it on level 2 of the Lair of Beasts)
 D - a phial of floods
   (Xom gifted it to you on level 7 of the Dungeon)
 O - a sack of spiders {used: 2}
   (You found it on level 12 of the Dungeon)
 Q - a plain deck of wonders {drawn: 2}
   (You found it on level 4 of the Shoals)
 R - a plain deck of defence {drawn: 5}
   (You found it on level 3 of the Lair of Beasts)
 W - an ornate deck of wonders {the Alchemist}
   (You found it on level 5 of the Lair of Beasts)
Comestibles
 c - 23 bread rations {@e1}
 d - 24 meat rations {@e2}
 q - 28 fruits
 s - 3 slices of pizza
 L - 3 royal jellies


   Skills:
 - Level 17.7 Fighting
 - Level 17.0 Long Blades
 - Level 13.7 Armour
 - Level 12.7 Dodging
 + Level 10.1 Shields
 - Level 10.4 Evocations


You had 13 spell levels left.
You knew the following spells:

 Your Spells              Type           Power        Failure   Level  Hunger
b - Blink                 Tloc           N/A          28%         2    ###....
d - Repel Missiles        Chrm/Air       #.....       28%         2    ###....
A - Animate Skeleton      Necr           N/A          17%         1    ##.....


Dungeon Overview and Level Annotations

Branches:
Dungeon (13/15)            Temple (0/1) D:5            Lair (8/8) D:8
 Shoals (4/4) Lair:6        Snake (4/4) Lair:3        Slime (0/6) Lair:8
    Orc (4/4) D:10            Elf (1/3) Orc:4        Vaults (3/5) D:13
  Crypt (0/3) Vaults:3

Altars:
Cheibriados
Dithmenos
Elyvilon
Fedhas
Makhleb
Nemelex Xobeh
Okawaru
Qazlal
Sif Muna
Trog
Xom
Yredelemnul
Zin
Beogh
Jiyva

Shops:
Orc:1 (   Orc:2 *   Orc:4 [?*([}}   Shoals:2 (   Shoals:3 =   Snake:1 :
Vaults:2 [   Vaults:3 }

Portals:
Hell: Lair:8

Annotations:
D:5 Grinder
Lair:8 1 runed door, exclusion: azure jelly


Innate Abilities, Weirdness & Mutations

You cannot wear boots.
((Your serpentine skin is tough (AC +6).))
You have supernaturally acute eyesight.
((Armour fits poorly on your strangely shaped body.))
((Your system is resistant to poisons.))
((You cover ground very slowly.))
You have a slow metabolism.
You can spit poison.
((You can use your snake-like lower body to constrict enemies.))
((You are partially covered in large bone plates (AC +2, SH +2).))
((You are partially covered in slimy green scales (AC +2).))
Your mind is acute. (Int +2)
((Your flesh is cold resistant.))
((Your flesh is heat resistant.))
You are frail (-10% HP).
You passively map the area around you.
Potions and wands are less effective at restoring your health.


Message History

No target in view!
No target in view!
No target in view!
You reach down and open the door. 3 slime creatures come into view.
The slime creature quivers. x3
Health restored: 174
There are monsters nearby!
There are monsters nearby!
There are monsters nearby!
There are monsters nearby!
There are monsters nearby!
A slime creature comes into view.
There is an open door here.
The slime creature quivers.
Xom asks Qazlal to spice things up a little.
You are now a toy of Xom.
The slime creature hits you! The slime creature barely misses you.
You block the slime creature's attack.
You take 11 damage, and have 163/174 hp.
You slice the slime creature!! You burn the slime creature.
You are engulfed in seething chaos.
You feel much better. The slime creature barely misses you.
You block the slime creature's attack.
You regained 10 hp, and now have 173/174 hp.
You slash the slime creature! You burn the slime creature.
You are engulfed in seething chaos.
The slime creature hits you but does no damage.
Health restored: 174 Unknown command.
You slice the slime creature!! You burn the slime creature.
You kill the slime creature!
You are engulfed in seething chaos.
A red film seems to cover your vision as you go berserk!
You feel yourself moving faster!
You feel mighty! The slime creature misses you.
You block the slime creature's attack.
You now have 261/261 hp.
You are engulfed in seething chaos.
You turn into a filthy swine.
Your +4 double sword of flaming melds into your body.
Your +1 cloak melds into your body.
Your +2 hat melds into your body.
Your +1 pair of gloves melds into your body.
Your +4 naga barding of flying melds into your body.
Your +0 large shield of protection melds into your body.
Your +4 troll leather armour {regen} melds into your body.
Your +5 ring of evasion melds into your body.
Your +6 ring of slaying melds into your body.
Your +4 double sword of flaming stops flaming.
You float gracefully downwards.
You feel less protected.
The slime creature is engulfed in seething chaos.
The slime creature hits you.
The slime creature is engulfed in seething chaos.
The slime creature completely misses you.
The slime creature hits you!!
You take 23 damage, and have 238/261 hp.
Unknown command.
You bite the slime creature!
You are engulfed in seething chaos.
You suddenly lose the ability to move!
The slime creature is engulfed in seething chaos.
The slime creature seems to speed up.
The slime creature hits you!! The slime creature hits you!
The slime creature is engulfed in seething chaos.
The slime creature hits you!
You are engulfed in seething chaos.
The slime creature is engulfed in seething chaos.
The slime creature jerks violently for a moment.
The slime creature hits you!
The slime creature is engulfed in seething chaos.
The slime creature seems to speed up.
The slime creature hits you! The slime creature hits you!!
You are engulfed in seething chaos.
You feel yourself slow down.
The slime creature is engulfed in seething chaos.
The slime creature lurches violently!
The slime creature hits you!
The slime creature is engulfed in seething chaos.
The slime creature hits you.
The slime creature is engulfed in seething chaos.
The slime creature hits you! The slime creature hits you.
The slime creature hits you! The slime creature hits you!!
The slime creature hits you!!
* * * LOW HITPOINT WARNING * * *
The slime creature barely misses you.
Your transformation is almost over.
The slime creature hits you.
* * * LOW HITPOINT WARNING * * *
The slime creature hits you!!
* * * LOW HITPOINT WARNING * * *
The slime creature hits you.
* * * LOW HITPOINT WARNING * * *
The slime creature hits you!!
* * * LOW HITPOINT WARNING * * *
The slime creature hits you.
* * * LOW HITPOINT WARNING * * *
The slime creature barely misses you.
The slime creature completely misses you.
The slime creature hits you!
* * * LOW HITPOINT WARNING * * *
The slime creature hits you.
* * * LOW HITPOINT WARNING * * *
The slime creature hits you!
You die...
Xom thinks this is hilarious!

+......##.#.'.#.## *
##......########## ,,
........# , ,
........############## ,
......................,
, ......................
,,, ,
######.)......####+####,
** #........'.J.....#, *
#........#Jh.....# ,
#........#..J....# , *
#........#.......# , ,
#........#.......#
#....[...#.......#
#.....(..######### ,
#........... ,,,, *
#........... , ,,
#........... , ,


You could see 3 slime creatures.

Vanquished Creatures
  Mennas (Vaults:3)
  Saint Roka (Orc:4)
  A lich (Vaults:1)
  A sphinx (Vaults:3)
  An octopode crusher (Shoals:3)
  A storm dragon (Shoals:1)
  7 greater nagas
  Ilsuiw (Shoals:4)
  A fire giant (Vaults:3)
  A frost giant (Vaults:1)
  6 vault wardens
  3 ironheart preservers (Vaults:1)
  Nessos (Lair:8)
  3 dire elephants (Lair:8)
  4 merfolk javelineers (Shoals:4)
  8 merfolk impalers
  A minotaur (Lab)
  7 vault guards
  3 hydras
  An ice dragon (Vaults:2)
  10 naga warriors
  A yaktaur captain (Vaults:2)
  A great orb of eyes (Vaults:1)
  A rakshasa (Vaults:2)
  Erolcha (D:12)
  A merfolk avatar (Shoals:1)
  9 anacondas
  3 ogre magi (Vaults:1)
  3 salamander stormcallers
  2 satyrs (Shoals:4)
  12 merfolk aquamancers
  An alligator (shapeshifter) (D:13)
  3 centaur warriors
  16 naga sharpshooters
  9 shock serpents
  A death yak (Lair:8)
  A deep troll shaman (Vaults:1)
  2 deep elf knights
  A sun demon (Lair:8)
  A flayed ghost (Vaults:1)
  2 unseen horrors
  3 skeletal warriors (Vaults:2)
  A shadow wraith (Vaults:2)
  8 sea snakes
  4 deep trolls (Vaults:1)
  5 hill giants
  2 giant orange brains
  5 orc knights
  5 ironbrand convokers
  4 wizards
  10 harpies
  3 necromancers
  A harpy (shapeshifter) (Vaults:3)
  6 naga ritualists
  2 orc sorcerers
  7 fauns
  A hornet (shapeshifter) (Vaults:3)
  2 water nymphs
  13 manticores
  5 griffons
  A wolf spider (Vaults:2)
  11 mana vipers
  8 cyclopes
  2 hornets
  7 vault sentinels
  8 elephants
  16 spiny frogs
  7 sirens
  A sixfirhy (Lair:8)
  16 ugly things
  7 salamanders
  2 molten gargoyles (Volcano)
  A torpor snail (Lair:6)
  2 guardian serpents
  A smoke demon (Lair:8)
  14 naga magi
  A gargoyle (D:13)
  29 black mambas
  7 orange demons
  32 yaktaurs
  12 komodo dragons
  2 kobold demonologists (D:13)
  A yaktaur skeleton (Vaults:1)
  A red devil (Lair:8)
  2 deep elf priests
  3 wind drakes
  4 fire drakes
  The ghost of asdu the Covert, an experienced SpAK of Lugonu (Lair:1)
  4 blue devils (Lair:8)
  A queen bee (D:11)
  33 merfolk
  2 polar bears
  A human simulacrum (Vaults:1)
  5 trolls
  A jumping spider (Vaults:2)
  7 two-headed ogres
  16 slime creatures
  2 ravens (Lair:5)
  A blink frog (shapeshifter) (Vaults:1)
  2 boulder beetles
  4 redbacks
  10 humans (D:13)
  A spriggan (Lair:2)
  4 deep elf magi
  46 yaks
  7 snapping turtles
  A ynoxinul (Lair:2)
  4 deep elf fighters
  A tarantella (Vaults:2)
  16 water elementals
  A wraith (D:10)
  3 wyverns
  5 fire bats (Volcano)
  A golden eye (shapeshifter) (Volcano)
  12 hippogriffs
  A steam dragon (D:11)
  4 basilisks
  3 vampire mosquitoes
  18 water moccasins
  14 wolves
  Menkaure (D:7)
  47 nagas
  2 mottled dragons
  13 porcupines
  5 wargs
  A necrophage (D:8)
  34 orc warriors
  3 sky beasts
  An ettin simulacrum (Vaults:2)
  2 black bears
  15 ice beasts
  20 ogres
  A black bear (shapeshifter) (Vaults:1)
  A human skeleton (Vaults:1)
  4 big kobolds
  A wasp (D:8)
  4 phantoms
  18 crocodiles
  16 centaurs
  19 giant frogs
  A wyvern skeleton (D:6)
  4 wights (D:6)
  26 killer bees
  5 scorpions
  8 quasits
  9 crimson imps
  2 giant frog zombies
  3 centaur skeletons
  3 centaur zombies
  Crazy Yiuf (D:7)
  Ijyb (D:3)
  5 hounds
  A jelly (D:5)
  25 orc priests
  32 orc wizards
  3 iron imps
  A boulder beetle simulacrum (Vaults:1)
  11 worker ants
  3 yak simulacra (Lair:3)
  A giant frog skeleton (D:12)
  6 iguanas
  A hell rat (Elf:1)
  3 polar bear simulacra (Lair:3)
  30 sheep
  4 wolf simulacra (Lair:3)
  2 hound zombies (D:5)
  A hound skeleton (D:6)
  A worker ant zombie (D:11)
  Robin (D:3)
  19 adders
  58 river rats
  5 shadow imps
  4 white imps
  2 ufetubi
  An ooze (D:1)
  2 worms
  205 orcs
  3 ball pythons
  17 bats
  5 bat skeletons
  7 giant cockroaches
  23 goblins
  40 hobgoblins
  12 jackals
  3 quokkas
  A giant cockroach zombie (D:5)
  6 giant geckos
  A giant gecko skeleton (D:7)
  3 giant newts
  35 kobolds
  A quokka skeleton (D:4)
  A quokka zombie (D:7)
  17 rats
  A river rat simulacrum (Lair:3)
  A bush (D:1)
1526 creatures vanquished.

Vanquished Creatures (collateral kills)
  Rupert (Lair:5)
  A merfolk impaler (Shoals:4)
  A naga warrior (Snake:4)
  A merfolk aquamancer (Shoals:1)
  A satyr (Shoals:4)
  A deep troll (Vaults:3)
  A deep elf summoner (Elf:1)
  An ugly thing (Vaults:3)
  A slime creature (D:12)
  A siren (Shoals:4)
  A naga mage (Snake:4)
  The ghost of asdu the Covert, an experienced SpAK of Lugonu (D:8)
  2 kobold demonologists
  3 trolls
  2 merfolk (Shoals:3)
  The ghost of DEFE the Gusty, an average TeAE (Sewer)
  2 yaks (D:13)
  9 humans (D:13)
  A naga (Snake:4)
  An ice beast (D:11)
  A phantom (D:10)
  An eye of draining (D:10)
  2 orc warriors (Orc:2)
  A sky beast (D:12)
  3 ogres
  A crocodile (Lair:5)
  A big kobold (D:13)
  A giant frog (D:11)
  16 killer bees
  2 crimson imps
  A hound (D:8)
  A jelly (D:10)
  A worker ant (D:13)
  3 orc wizards
  An iguana (Lair:5)
  4 orc priests
  3 sheep (Lair:4)
  An adder (D:9)
  14 orcs
  A bat (D:10)
  6 kobolds
  A quokka (D:7)
99 creatures vanquished.

Vanquished Creatures (others)
  A stone giant (Vaults:3)
  An ironheart preserver (Vaults:3)
  4 dancing weapons
  2 deep trolls (Vaults:3)
  A necromancer (Lair:3)
  3 ugly things (Vaults:3)
  A rust devil (Lair:5)
  2 yaktaurs (Vaults:3)
  A freezing wraith (Vaults:1)
  A snapping turtle (Shoals:3)
  A fire vortex (Vaults:1)
  3 water elementals
  A fire elemental (IceCv)
  4 vampire mosquitoes
  A deep elf fighter (Vaults:2)
  A naga (Vaults:3)
  A hell hound (Lair:5)
  3 spiders (Lair:5)
  A wasp (Snake:4)
  2 centaurs (Vaults:3)
  2 killer bees (Snake:4)
  3 iron imps
  An orc priest (Orc:4)
  A worker ant (Snake:4)
  4 quasits
  4 white imps
  4 shadow imps
  3 ufetubi
  4 fungi
  2 plants (Lair:8)
63 creatures vanquished.

Grand Total: 1688 creatures vanquished

Notes
Turn   | Place    | Note
--------------------------------------------------------------
     0 | D:1      | RobertPalmer the Naga Chaos Knight began the quest for the Orb.
     0 | D:1      | Reached XP level 1. HP: 21/21 MP: 1/1
     6 | D:1      | Noticed a wolf
     6 | D:1      | Noticed a redback
     6 | D:1      | Noticed a wyvern
     7 | D:1      | Noticed a salamander
   391 | D:1      | Reached XP level 2. HP: 26/28 MP: 2/2
   569 | D:1      | Reached skill level 4 in Long Blades
   628 | D:1      | XOM: noise
   633 | D:1      | XOM: harmless Divn miscast
   643 | D:1      | XOM: noise
   669 | D:1      | Reached XP level 3. HP: 25/34 MP: 3/3
   701 | D:1      | XOM: enchant monster (good)
   781 | D:1      | XOM: noise
   919 | D:1      | XOM: harmless Trmt miscast
  1490 | D:2      | XOM: harmless Chrm miscast
  1553 | D:2      | Found a shadowy altar of Dithmenos.
  1568 | D:2      | Reached XP level 4. HP: 33/42 MP: 4/4
  1670 | D:2      | Reached skill level 5 in Long Blades
  1801 | D:2      | Found an iron altar of Okawaru.
  1872 | D:3      | Found a blossoming altar of Fedhas.
  1939 | D:3      | Noticed Ijyb
  1946 | D:3      | Killed Ijyb
  1952 | D:3      | Noticed Robin
  1957 | D:3      | XOM: potion effect (haste)
  1962 | D:3      | Killed Robin
  1962 | D:3      | Reached XP level 5. HP: 45/49 MP: 5/5
  2102 | D:3      | Found a glowing drain.
  2110 | Sewer    | Entered a sewer
  2120 | Sewer    | Noticed DEFE's ghost (average TeAE)
  2143 | Sewer    | XOM: summons 5 friendly demons
  2155 | Sewer    | Killed DEFE's ghost
  2155 | Sewer    | Reached skill level 6 in Long Blades
  2155 | Sewer    | Reached XP level 6. HP: 56/56 MP: 6/6
  2526 | Sewer    | Reached skill level 7 in Long Blades
  2892 | Sewer    | XOM: god gift: scroll labeled GEUMAF QAATIA
  3293 | D:3      | XOM: god gift: 47 gold pieces
  3405 | D:3      | XOM: mild Summ miscast
  3436 | D:3      | XOM: noise
  3775 | D:4      | HP: 12/56 [scorpion (5)]
  3786 | D:4      | HP: 14/56 [poisoned by a scorpion]
  3792 | D:4      | HP: 13/56 [poisoned by a scorpion]
  3795 | D:4      | XOM: divination: magic mapping
  3800 | D:4      | HP: 13/56 [poisoned by a scorpion]
  3844 | D:4      | XOM: 2-stop teleportation journey
  4085 | D:4      | XOM: divination: detect items
  4117 | D:4      | Reached XP level 7. HP: 56/62 MP: 7/7
  4307 | D:4      | Reached skill level 8 in Long Blades
  4434 | D:4      | XOM: silly message
  4590 | D:4      | XOM: 3-stop teleportation journey
  4784 | D:5      | Entered Level 5 of the Dungeon
  4802 | D:5      | XOM: polymorph orc -> ball python
  4827 | D:5      | XOM: snakes to sticks
  4829 | D:5      | XOM: divination: detect creatures
  4993 | D:5      | XOM: medium Trmt miscast
  5019 | D:5      | XOM: divination: detect items
  5076 | D:5      | XOM: cast spell 'Olgreb's Toxic Radiance'
  5083 | D:5      | Reached skill level 9 in Long Blades
  5095 | D:5      | Noticed Grinder
  5095 | D:5      | XOM: summons 2 friendly demons
  5105 | D:5      | XOM: swap monsters
  5106 | D:5      | XOM: silly message
  5128 | D:5      | HP: 4/62 [Grinder/nerve-wracking pain (13)]
  5132 | D:5      | XOM: harmless Fire miscast
  5220 | D:5      | XOM: noise
  5224 | D:5      | XOM: chaos cloud
  5318 | D:5      | Found a staircase to the Ecumenical Temple.
  5401 | D:5      | XOM: summons 4 hostile shadow creatures
  5453 | D:5      | Reached XP level 8. HP: 66/69 MP: 8/8
  5550 | D:5      | Found a white marble altar of Elyvilon.
  5639 | D:5      | XOM: chaos cloud
  6236 | D:6      | Found a shimmering altar of Xom.
  6290 | D:6      | XOM: mild Necr miscast
  6294 | D:6      | Reached skill level 10 in Long Blades
  6382 | D:6      | Found a bloodstained altar of Trog.
  6624 | D:6      | Found a bloodstained altar of Trog.
  6664 | D:6      | XOM: chaos cloud
  6677 | D:6      | XOM: silly message
  6685 | D:6      | HP: 16/69 [orc/short sword (5)]
  6688 | D:6      | HP: 5/69 [orc/enchanted trident (5)]
  6943 | D:6      | Reached skill level 11 in Long Blades
  7341 | D:6      | XOM: harmless Chrm miscast
  7345 | D:6      | XOM: mild Hex miscast
  7347 | D:6      | Reached XP level 9. HP: 67/75 MP: 9/9
  7388 | D:6      | Reached skill level 1 in Dodging
  7390 | D:6      | XOM: colour smoke trail
  7417 | D:6      | Reached skill level 2 in Dodging
  7611 | D:7      | Got an encrusted chain mail
  7639 | D:7      | Identified the +8 chain mail of Exclusion {rPois rF+ rCorr MP-9} (You found it on level 7 of the Dungeon)
  7659 | D:7      | Found a sparkling altar of Nemelex Xobeh.
  7680 | D:7      | XOM: smoke on damage
  7682 | D:7      | Reached skill level 2 in Armour
  7803 | D:7      | Noticed a guardian serpent
  7803 | D:7      | a spriggan baker changed into a guardian serpent
  7803 | D:7      | XOM: polymorph spriggan baker -> guardian serpent
  7807 | D:7      | XOM: severe Summ miscast
  7808 | D:7      | Noticed a worldbinder
  7808 | D:7      | Noticed a worldbinder
  7808 | D:7      | Noticed a worldbinder
  7810 | D:7      | Noticed an orb spider
  7843 | D:7      | XOM: 2-stop teleportation journey
  7844 | D:7      | Noticed Menkaure
  7992 | D:6      | Reached skill level 3 in Armour
  8051 | D:7      | XOM: give mutations
  8051 | D:7      | Gained mutation: You are partially covered in thin metallic scales (AC +2). [Xom's grace]
  8051 | D:7      | Gained mutation: You are partially covered in large bone plates (AC +2, SH +2). [Xom's grace]
  8057 | D:7      | XOM: smoke on damage
  8061 | D:7      | HP: 18/75 [guardian serpent (6)]
  8062 | D:7      | Killed a guardian serpent
  8062 | D:7      | Reached skill level 4 in Armour
  8125 | D:7      | XOM: 2-stop teleportation journey
  8173 | D:7      | XOM: vitrification
  8283 | D:7      | XOM: enchant monster (good)
  8308 | D:7      | XOM: 1-stop teleportation journey
  8334 | D:7      | XOM: butterfly on damage
  8337 | D:7      | XOM: give mutations
  8337 | D:7      | Gained mutation: You passively map a small area around you. [Xom's grace]
  8337 | D:7      | Gained mutation: Your flesh is cold resistant. [Xom's grace]
  8337 | D:7      | Gained mutation: You possess an exceptional clarity of mind. [Xom's grace]
  8337 | D:7      | Gained mutation: Your mind is acute. (Int +2) [Xom's grace]
  8338 | D:7      | Killed Menkaure
  8522 | D:7      | Found a basalt altar of Yredelemnul.
  8524 | D:7      | XOM: confuse monster(s)
  8562 | D:7      | Reached skill level 5 in Armour
  8748 | D:7      | XOM: god gift: phial of floods
  8829 | D:7      | XOM: give mutations
  8829 | D:7      | Gained mutation: Your tail ends in a poisonous barb. [Xom's grace]
  8829 | D:7      | Gained mutation: You are agile. (Dex +2) [Xom's grace]
  8829 | D:7      | Gained mutation: Your muscles are strong. (Str +2) [Xom's grace]
  8835 | D:7      | Noticed Crazy Yiuf
  8850 | D:7      | Killed Crazy Yiuf
  9211 | D:7      | XOM: harmless Ice miscast
  9280 | D:7      | XOM: medium Pois miscast
  9303 | D:7      | Found a stormy altar of Qazlal.
  9303 | D:7      | Found a snail-covered altar of Cheibriados.
  9340 | D:7      | XOM: vitrification
  9359 | D:8      | Noticed asdu's ghost (experienced SpAK)
  9366 | D:8      | XOM: polymorph orc wizard -> hound
  9379 | D:8      | XOM: summons 9 friendly demons
  9383 | D:8      | Killed asdu's ghost
  9383 | D:8      | Reached skill level 6 in Armour
  9383 | D:8      | Reached XP level 10. HP: 68/84 MP: 1/10
  9499 | D:8      | Reached skill level 7 in Armour
  9570 | D:8      | XOM: enchant monster (good)
  9738 | D:8      | Found a staircase to the Lair.
  9858 | D:8      | XOM: god gift: slice of pizza
  9908 | D:8      | XOM: harmless Conj miscast
 10054 | D:9      | Reached skill level 8 in Armour
 10115 | D:9      | Lost mutation: Your tail ends in a poisonous barb. [helix card]
 10115 | D:9      | Gained mutation: Potions and wands are less effective at restoring your health. [helix card]
 10116 | D:9      | Hired Qeowog the big kobold for 109 gold.
 10120 | D:9      | XOM: swap monsters
 10257 | D:9      | Found a deep blue altar of Sif Muna.
 10280 | D:9      | Reached skill level 9 in Armour
 10469 | D:9      | Reached skill level 1 in Shields
 10627 | D:9      | XOM: give mutations
 10627 | D:9      | Gained mutation: Your flesh is heat resistant. [Xom's grace]
 10817 | D:9      | Reached skill level 2 in Shields
 10862 | D:10     | Entered Level 10 of the Dungeon
 10955 | D:10     | Reached skill level 3 in Shields
 11093 | D:10     | XOM: mild Erth miscast
 11153 | D:10     | Found a staircase to the Orcish Mines.
 11168 | D:10     | Reached XP level 11. HP: 90/90 MP: 2/11
 11212 | D:10     | Reached skill level 4 in Shields
 11491 | D:11     | Found a frozen archway.
 11504 | D:11     | XOM: 4-stop teleportation journey
 11530 | D:11     | XOM: noise
 11561 | D:11     | Reached skill level 5 in Shields
 11617 | D:11     | XOM: cast spell 'Statue Form'
 11626 | IceCv    | Entered an ice cave
 11633 | IceCv    | Reached skill level 3 in Dodging
 11645 | IceCv    | XOM: divination: magic mapping
 11653 | IceCv    | XOM: confuse monster(s)
 11654 | IceCv    | XOM: harmless Erth miscast
 11687 | IceCv    | XOM: silly message
 11863 | IceCv    | Noticed an ice statue
 11863 | IceCv    | Noticed an ice statue
 11876 | IceCv    | XOM: mild Air miscast
 12000 | D:11     | XOM: mild Divn miscast
 12007 | D:11     | XOM: summons friendly iron imp
 12015 | D:11     | Reached skill level 4 in Dodging
 12089 | D:11     | Noticed a hill giant
 12110 | D:11     | Killed a hill giant
 12120 | D:11     | XOM: harmless Conj miscast
 12125 | D:11     | XOM: divination: detect creatures
 12126 | D:11     | XOM: enchant monster (bad)
 12129 | D:11     | XOM: noise
 12144 | D:11     | Reached skill level 5 in Dodging
 12150 | D:11     | XOM: blink monster(s)
 12155 | D:11     | XOM: enchant monster (good)
 12333 | D:11     | XOM: blink monster(s)
 12335 | D:11     | XOM: blink monster(s)
 12346 | D:11     | XOM: enchant monster (bad)
 12402 | D:11     | XOM: 7-stop teleportation journey
 12450 | D:11     | Reached skill level 6 in Dodging
 12895 | D:12     | Noticed an unseen horror
 12907 | D:12     | XOM: mild Summ miscast
 12958 | D:12     | XOM: mild Summ miscast
 12962 | D:12     | Killed an unseen horror
 13021 | D:12     | XOM: 1-stop teleportation journey
 13041 | D:12     | Found a glowing silver altar of Zin.
 13046 | D:12     | XOM: cast spell 'Summon Ice Beast'
 13049 | D:12     | Reached skill level 7 in Dodging
 13093 | D:12     | Noticed Erolcha
 13114 | D:12     | Killed Erolcha
 13195 | D:12     | XOM: mild Divn miscast
 13202 | D:12     | Noticed a hill giant
 13203 | D:12     | XOM: chaos upgrade
 13206 | D:12     | XOM: mild Erth miscast
 13214 | D:12     | XOM: butterfly on damage
 13215 | D:12     | Killed a hill giant
 13215 | D:12     | Reached skill level 8 in Dodging
 13215 | D:12     | Reached XP level 12. HP: 62/97 MP: 12/12
 13249 | D:12     | XOM: chaos cloud
 13251 | D:12     | Paralysed by you for 3 turns
 13257 | D:12     | XOM: blink monster(s)
 13445 | D:12     | XOM: mild Tloc miscast
 13588 | D:12     | XOM: mild Ice miscast
 13795 | D:12     | XOM: colour smoke trail
 13922 | D:12     | XOM: silly message
 14000 | D:12     | Reached skill level 9 in Dodging
 14070 | D:12     | XOM: scenery: 4 doors close
 14082 | D:12     | XOM: harmless Ice miscast
 14091 | D:12     | XOM: silly message
 14100 | D:12     | XOM: confuse monster(s)
 14244 | D:12     | XOM: mild Conj miscast
 14265 | D:12     | XOM: confuse monster(s)
 14401 | Orc:1    | Entered Level 1 of the Orcish Mines
 14441 | Orc:1    | Found a dark tunnel.
 14450 | Volcano  | XOM: stealth player
 14450 | Volcano  | Entered a volcano
 14453 | Volcano  | XOM: harmless Fire miscast
 14508 | Volcano  | XOM: potion effect (berserk rage)
 14584 | Volcano  | Found a burning altar of Makhleb.
 14596 | Volcano  | XOM: noise
 14614 | Volcano  | XOM: silly message
 14617 | Volcano  | XOM: polymorph manticore -> anubis guard
 14647 | Volcano  | XOM: divination: detect creatures
 14731 | Volcano  | XOM: noise
 14733 | Volcano  | XOM: enchant monster (good)
 14737 | Volcano  | Reached skill level 10 in Dodging
 14756 | Volcano  | XOM: noise
 14765 | Volcano  | XOM: enchant monster (good)
 14965 | Orc:1    | XOM: fake destruction
 15146 | Orc:1    | Found Ihuzoisa's Antique Weapon Shoppe.
 15240 | Orc:1    | Bought a double sword for 465 gold pieces
 15277 | Orc:1    | Found a bloodstained altar of Trog.
 15309 | Orc:1    | XOM: enchant monster (bad)
 15434 | Orc:2    | XOM: god gift: iron wand {god gift}
 15549 | Orc:2    | XOM: divination: detect creatures
 15552 | Orc:2    | Found Oboybaci's Assorted Antiques.
 15722 | Orc:2    | Found a roughly hewn altar of Beogh.
 15919 | Orc:2    | XOM: mild Necr miscast
 15926 | Orc:2    | Reached skill level 12 in Long Blades
 16426 | Orc:3    | XOM: cast spell 'Ice Form'
 16549 | Orc:3    | XOM: smoke on damage
 16695 | Orc:4    | Entered Level 4 of the Orcish Mines
 16729 | Orc:4    | Found a roughly hewn altar of Beogh.
 16730 | Orc:4    | Found Pisomoy Cuoh's Magic Scroll Shoppe.
 16783 | Orc:4    | Bought a scroll of enchant armour for 75 gold pieces
 16797 | Orc:4    | Found Tuabotoesi's Assorted Antiques.
 16806 | Orc:4    | Bought a scroll labeled GAOCELLULEYL for 28 gold pieces
 16806 | Orc:4    | Bought a scroll labeled HIL ROUTUIDEU for 28 gold pieces
 16884 | Orc:4    | XOM: vitrification
 16884 | Orc:4    | Found a roughly hewn altar of Beogh.
 16976 | Orc:4    | XOM: polymorph orc wizard -> worker ant
 17041 | Orc:4    | Found a roughly hewn altar of Beogh.
 17049 | Orc:4    | Found a roughly hewn altar of Beogh.
 17072 | Orc:4    | Found a staircase to the Elven Halls.
 17210 | Orc:4    | Found a roughly hewn altar of Beogh.
 17240 | Orc:4    | XOM: cast spell 'Olgreb's Toxic Radiance'
 17253 | Orc:4    | Gained mutation: You can use your snake-like lower body to constrict enemies. [Naga growth]
 17253 | Orc:4    | Reached XP level 13. HP: 53/103 MP: 13/13
 17256 | Orc:4    | Found Kuuxai's Armour Emporium.
 17382 | Orc:4    | Found a roughly hewn altar of Beogh.
 17403 | Orc:4    | Reached skill level 13 in Long Blades
 17556 | Orc:4    | XOM: mild Trmt miscast
 17637 | Orc:4    | XOM: god gift: runed naga barding {god gift}
 17766 | Orc:4    | XOM: divination: detect creatures
 17821 | Orc:4    | Found Riowunem's Gadget Shoppe.
 17829 | Orc:4    | Found Soveypri's Gadget Emporium.
 17936 | Orc:4    | Noticed Saint Roka
 17946 | Orc:4    | XOM: summons 3 friendly demons
 17950 | Orc:4    | XOM: enchant monster (bad)
 17965 | Orc:4    | Killed Saint Roka
 17965 | Orc:4    | Reached skill level 14 in Long Blades
 17999 | Orc:4    | XOM: colour smoke trail
 18062 | Orc:4    | XOM: harmless Conj miscast
 18076 | Orc:4    | Found Foix's Antique Weapon Shoppe.
 18077 | Orc:4    | Found a roughly hewn altar of Beogh.
 18080 | Orc:4    | Found Usaq's Antique Armour Emporium.
 18260 | Orc:4    | XOM: mild Pois miscast
 18308 | Elf:1    | Entered Level 1 of the Elven Halls
 18319 | Elf:1    | XOM: confuse monster(s)
 18434 | Elf:1    | XOM: noise
 18458 | Elf:1    | XOM: enchant monster (bad)
 18461 | Elf:1    | XOM: cast spell 'Stoneskin'
 18467 | Elf:1    | Reached skill level 4 in Fighting
 18552 | Elf:1    | Noticed a deep elf sorcerer
 18596 | Elf:1    | XOM: harmless Divn miscast
 18623 | Elf:1    | XOM: 1-stop teleportation journey
 18900 | D:13     | XOM: noise
 18971 | D:13     | XOM: enchant monster (bad)
 18975 | D:13     | Reached skill level 5 in Fighting
 18980 | D:13     | Noticed a vault guard
 18980 | D:13     | XOM: swap monsters
 18984 | D:13     | XOM: confuse monster(s)
 18989 | D:13     | XOM: fake destruction
 19011 | D:13     | Killed a vault guard
 19011 | D:13     | Reached skill level 6 in Fighting
 19033 | D:13     | Noticed a vault guard
 19045 | D:13     | XOM: cast spell 'Statue Form'
 19046 | D:13     | XOM: confuse monster(s)
 19051 | D:13     | Killed a vault guard
 19092 | D:13     | Reached skill level 7 in Fighting
 19098 | D:13     | XOM: summons friendly white imp
 19126 | D:13     | Found a gate to the Vaults.
 19263 | D:13     | XOM: enchant monster (good)
 19264 | D:13     | XOM: summons 7 friendly demons
 19273 | D:13     | Reached skill level 8 in Fighting
 19318 | D:13     | XOM: god gift: paperback book {god gift}
 19349 | D:13     | XOM: give mutations
 19349 | D:13     | Gained mutation: Your mind is very acute. (Int +4) [Xom's grace]
 19349 | D:13     | Gained mutation: Your tail ends in a poisonous barb. [Xom's grace]
 19349 | D:13     | Gained mutation: Your muscles are very strong. (Str +4) [Xom's grace]
 19369 | D:13     | XOM: cast spell 'Confusing Touch'
 19376 | D:13     | XOM: swap monsters
 19415 | D:13     | Reached skill level 9 in Fighting
 19495 | D:13     | XOM: vitrification
 19511 | D:13     | Reached XP level 14. HP: 129/129 MP: 14/14
 19569 | D:13     | XOM: give mutation
 19569 | D:13     | Gained mutation: You passively map the area around you. [Xom's grace]
 19647 | D:13     | XOM: enchant monster (good)
 19678 | D:13     | XOM: mild Ice miscast
 19685 | D:13     | XOM: cast spell 'Stoneskin'
 19909 | D:13     | XOM: polymorph hill giant -> alligator
 19919 | D:13     | Reached skill level 10 in Fighting
 19999 | D:13     | XOM: give mutations
 19999 | D:13     | Lost mutation: Your mind is very acute. (Int +4) [Xom's mischief]
 19999 | D:13     | Lost mutation: Your tail ends in a poisonous barb. [Xom's mischief]
 19999 | D:13     | Lost mutation: Your muscles are very strong. (Str +4) [Xom's mischief]
 20016 | D:13     | XOM: enchant monster (bad)
 20263 | Lair:1   | Entered Level 1 of the Lair of Beasts
 20419 | Lair:1   | XOM: summons friendly crimson imp
 20627 | Lair:1   | Noticed asdu's ghost (experienced SpAK)
 20644 | Lair:1   | Killed asdu's ghost
 20987 | Lair:1   | XOM: medium Ice miscast
 21347 | Lair:1   | XOM: mild Trmt miscast
 21651 | Lair:2   | Reached skill level 11 in Fighting
 21657 | Lair:2   | XOM: give mutation
 21657 | Lair:2   | Lost mutation: You are partially covered in thin metallic scales (AC +2). [Xom's mischief]
 22318 | Lair:2   | XOM: summons 7 hostile demons
 22390 | Lair:2   | Learned a level 2 spell: Repel Missiles
 22393 | Lair:2   | Learned a level 2 spell: Blink
 22395 | Lair:2   | Learned a level 1 spell: Animate Skeleton
 22648 | Lair:3   | Found a staircase to the Snake Pit.
 22654 | Lair:3   | XOM: chaos cloud
 22660 | Lair:3   | XOM: chaos upgrade
 22673 | Lair:3   | XOM: stat loss: -1 Dex (13/14)
 22817 | Lair:3   | XOM: colour smoke trail
 22961 | Lair:3   | XOM: 6-stop teleportation journey
 23217 | Lair:3   | XOM: god gift: meat ration
 23373 | Lair:3   | XOM: mild Erth miscast
 23450 | Lair:3   | XOM: silly message
 23556 | Lair:4   | XOM: confuse monster(s)
 23600 | Lair:4   | XOM: divination: detect items
 23806 | Lair:4   | Reached skill level 15 in Long Blades
 24052 | Lair:4   | XOM: vitrification
 24104 | Lair:5   | XOM: 3-stop teleportation journey
 24236 | Lair:5   | Noticed Rupert
 24257 | Lair:5   | Killed Rupert
 24375 | Lair:5   | XOM: fog
 24521 | Lair:5   | XOM: destruction
 25189 | Lair:5   | XOM: harmless Fire miscast
 25423 | Lair:6   | XOM: enchant monster (good)
 25442 | Lair:6   | XOM: cast spell 'Stoneskin'
 25476 | Lair:6   | XOM: cast spell 'Stoneskin'
 25532 | Lair:6   | XOM: silly message
 25589 | Lair:6   | XOM: divination: detect items
 25613 | Lair:6   | XOM: divination: detect creatures
 25753 | Lair:6   | Found a staircase to the Shoals.
 26157 | Lair:6   | XOM: medium Hex miscast
 26228 | Lair:6   | Reached XP level 15. HP: 131/141 MP: 15/15
 26305 | Lair:7   | Reached skill level 6 in Shields
 26315 | Lair:7   | XOM: potion effect (berserk rage)
 26433 | Lair:7   | XOM: divination: detect creatures
 26472 | Lair:7   | XOM: harmless Fire miscast
 26555 | Lair:7   | XOM: harmless Fire miscast
 26610 | Lair:7   | XOM: summons friendly iron imp
 26743 | Lair:7   | XOM: colour smoke trail
 26772 | Lair:7   | Reached skill level 7 in Shields
 26772 | Lair:7   | XOM: blink monster(s)
 26979 | Lair:7   | XOM: summons friendly quasit
 27131 | Lair:8   | Entered Level 8 of the Lair of Beasts
 27157 | Lair:8   | Reached skill level 8 in Shields
 27194 | Lair:8   | Found a shimmering altar of Xom.
 27223 | Lair:8   | Found a labyrinth entrance.
 27232 | Lab      | Entered a labyrinth
 27340 | Lab      | XOM: enchant monster (good)
 27438 | Lab      | Got a heavily runed scale mail
 27450 | Lab      | Identified the +1 scale mail "Bepsix" {Dex+4} (You took it off a minotaur in a labyrinth)
 27469 | Lab      | Gained mutation: Your spells are a little harder to cast, but a little more powerful. [potion of beneficial mutation]
 27470 | Lab      | Gained mutation: Your spells are harder to cast, but more powerful. [potion of beneficial mutation]
 27480 | Lab      | Identified a +8 rod of inaccuracy (9/9) (You found it in a labyrinth)
 27481 | Lab      | Identified a +9 rod of the swarm (9/9) (You found it in a labyrinth)
 27519 | Lair:8   | Noticed Nessos
 27532 | Lair:8   | Killed Nessos
 27876 | Lair:8   | XOM: summons friendly white imp
 27894 | Lair:8   | XOM: mild Pois miscast
 27906 | Lair:8   | Reached skill level 9 in Shields
 28025 | Lair:8   | Found a runed door.
 28025 | Lair:8   | Found a viscous altar of Jiyva.
 28025 | Lair:8   | Found a staircase to the Slime Pits.
 28025 | Lair:8   | Noticed an azure jelly
 28115 | Lair:8   | XOM: noise
 28219 | Lair:8   | XOM: summons 2 friendly demons
 28242 | Lair:8   | XOM: blink monster(s)
 28258 | Lair:8   | XOM: harmless Ice miscast
 28271 | Lair:8   | Found a burning altar of Makhleb.
 28274 | Lair:8   | XOM: mild Erth miscast
 28287 | Lair:8   | Reached skill level 10 in Shields
 28288 | Lair:8   | Found a gateway to Hell.
 28660 | Snake:1  | Entered Level 1 of the Snake Pit
 28678 | Snake:1  | XOM: smoke on damage
 28729 | Snake:1  | Reached skill level 12 in Fighting
 28803 | Snake:1  | Found Icitis's Book Emporium.
 28890 | Snake:1  | XOM: harmless Conj miscast
 29000 | Snake:1  | XOM: harmless Trmt miscast
 29042 | Snake:1  | XOM: snakes to sticks
 29055 | Snake:1  | Reached skill level 13 in Fighting
 29114 | Snake:1  | XOM: chaos cloud
 29119 | Snake:1  | XOM: god gift: 7 meat rations
 29317 | Snake:1  | Reached XP level 16. HP: 129/157 MP: 16/16
 29383 | Snake:1  | Reached skill level 14 in Fighting
 29414 | Snake:2  | XOM: harmless Necr miscast
 29420 | Snake:2  | XOM: divination: magic mapping
 29465 | Snake:2  | XOM: harmless Conj miscast
 29565 | Snake:2  | XOM: mild Chrm miscast
 29574 | Snake:2  | XOM: fog
 29593 | Snake:2  | XOM: 2-stop teleportation journey
 29615 | Snake:2  | XOM: enchant monster (good)
 29616 | Snake:2  | Reached skill level 15 in Fighting
 29622 | Snake:2  | XOM: enchant monster (bad)
 29916 | Snake:3  | XOM: polymorph black mamba -> yaktaur
 29932 | Snake:3  | XOM: god gift: 41 gold pieces
 30394 | Snake:3  | XOM: summons friendly shadow imp
 30397 | Snake:3  | Reached skill level 16 in Fighting
 30544 | Snake:3  | XOM: potion effect (brilliance)
 30547 | Snake:3  | XOM: potion effect (brilliance)
 30765 | Snake:4  | Entered Level 4 of the Snake Pit
 30791 | Snake:4  | XOM: confuse monster(s)
 30884 | Snake:4  | Reached skill level 16 in Long Blades
 30896 | Snake:4  | XOM: harmless Necr miscast
 31072 | Snake:4  | XOM: divination: detect items
 31083 | Snake:4  | XOM: divination: magic mapping
 31507 | Snake:4  | XOM: potion effect (heal wounds)
 31598 | Snake:4  | Reached skill level 17 in Long Blades
 31732 | Snake:4  | XOM: potion effect (berserk rage)
 31808 | Snake:4  | XOM: cast spell 'Statue Form'
 31921 | Snake:4  | XOM: divination: detect items
 31947 | Snake:4  | XOM: noise
 31991 | Snake:4  | XOM: vitrification
 32134 | Snake:4  | Reached XP level 17. HP: 161/174 MP: 17/17
 32176 | Snake:4  | Reached skill level 11 in Dodging
 32186 | Snake:4  | XOM: chaos upgrade
 32191 | Snake:4  | XOM: medium Erth miscast
 32199 | Snake:4  | XOM: blink monster(s)
 32233 | Snake:4  | Reached skill level 1 in Evocations
 32242 | Snake:4  | Reached skill level 2 in Evocations
 32245 | Snake:4  | XOM: snakes to sticks
 32252 | Snake:4  | XOM: god gift: 53 gold pieces
 32294 | Snake:4  | Reached skill level 3 in Evocations
 32310 | Snake:4  | XOM: divination: detect creatures
 32312 | Snake:4  | XOM: cast spell 'Cause Fear'
 32322 | Snake:4  | Reached skill level 4 in Evocations
 32331 | Snake:4  | XOM: potion effect (curing)
 32338 | Snake:4  | Reached skill level 5 in Evocations
 32539 | Snake:4  | Reached skill level 6 in Evocations
 32617 | Snake:4  | Got a serpentine rune of Zot
 32675 | Snake:4  | XOM: enchant monster (good)
 32681 | Snake:4  | XOM: potion effect (curing)
 32872 | Snake:4  | XOM: smoke on damage
 32882 | Snake:4  | XOM: god gift: runed jade amulet {god gift}
 32890 | Snake:4  | Reached skill level 7 in Evocations
 32935 | Snake:2  | You are sucked into a shaft!
 33239 | Shoals:1 | Entered Level 1 of the Shoals
 33310 | Shoals:1 | XOM: summons 8 friendly demons
 33320 | Shoals:1 | XOM: polymorph merfolk aquamancer -> storm dragon
 33328 | Shoals:1 | XOM: confuse monster(s)
 33339 | Shoals:1 | Reached skill level 8 in Evocations
 33355 | Shoals:1 | XOM: confuse monster(s)
 33829 | Shoals:1 | XOM: divine lightning
 34049 | Shoals:1 | XOM: summons 1 hostile demon
 34146 | Shoals:2 | Reached skill level 9 in Evocations
 34226 | Shoals:2 | Found Sosaywku's Antique Weapon Shoppe.
 34405 | Shoals:2 | XOM: summons 8 hostile demons
 34412 | Shoals:2 | Reached skill level 10 in Evocations
 34425 | Shoals:2 | XOM: cast spell 'Ring of Flames'
 35011 | Shoals:3 | XOM: potion effect (brilliance)
 35013 | Shoals:3 | XOM: divination: detect items
 35020 | Shoals:3 | XOM: confuse monster(s)
 35023 | Shoals:3 | XOM: swap monsters
 35086 | Shoals:3 | XOM: vitrification
 35113 | Shoals:3 | XOM: cast spell 'Metabolic Englaciation'
 35115 | Shoals:3 | Reached XP level 18. HP: 97/183 MP: 25/25
 35140 | Shoals:3 | XOM: summons 8 friendly demons
 35253 | Shoals:3 | XOM: swap monsters
 35257 | Shoals:3 | XOM: summons friendly ufetubus
 35526 | Shoals:3 | Reached skill level 12 in Dodging
 35667 | Shoals:3 | Found Cacul's Jewellery Shoppe.
 35841 | Shoals:4 | Entered Level 4 of the Shoals
 35886 | Shoals:4 | XOM: fog
 35893 | Shoals:4 | XOM: summons 8 friendly demons
 35917 | Shoals:4 | Got a barnacled rune of Zot
 35969 | Shoals:4 | Identified the Grimoire of Destructive Flight (You found it on level 4 of the Shoals)
 36055 | Shoals:4 | XOM: silly message
 36063 | Shoals:4 | XOM: mild Ice miscast
 36231 | Shoals:4 | XOM: mild Divn miscast
 36378 | Shoals:4 | XOM: potion effect (agility)
 36390 | Shoals:4 | XOM: enchant monster (good)
 36409 | Shoals:4 | XOM: cast spell 'Olgreb's Toxic Radiance'
 36412 | Shoals:4 | XOM: potion effect (agility)
 36443 | Shoals:4 | XOM: enchant monster (good)
 36566 | Shoals:4 | Reached skill level 10 in Armour
 36690 | Shoals:4 | Noticed Ilsuiw
 36693 | Shoals:4 | XOM: silly message
 36723 | Shoals:4 | Killed Ilsuiw
 36915 | Shoals:4 | XOM: give mutations
 36915 | Shoals:4 | Lost mutation: Your muscles are strong. (Str +2) [Xom's mischief]
 36915 | Shoals:4 | Lost mutation: Your spells are harder to cast, but more powerful. [Xom's mischief]
 36915 | Shoals:4 | Lost mutation: Your spells are a little harder to cast, but a little more powerful. [Xom's mischief]
 37227 | Lair:6   | XOM: stat loss: -1 Int (20/21)
 37644 | Vaults:1 | Entered Level 1 of the Vaults
 37748 | Vaults:1 | XOM: summons 1 hostile demon
 37767 | Vaults:1 | Reached skill level 11 in Armour
 38079 | Vaults:1 | XOM: mild Summ miscast
 38153 | Vaults:1 | XOM: silly message
 38175 | Vaults:1 | Reached skill level 12 in Armour
 38205 | Vaults:1 | Noticed a lich
 38208 | Vaults:1 | XOM: blink monster(s)
 38214 | Vaults:1 | Killed a lich
 38214 | Vaults:1 | Reached XP level 19. HP: 147/190 MP: 26/26
 38241 | Vaults:1 | XOM: summons 9 hostile demons
 38440 | Vaults:1 | XOM: god gift: dented garnet amulet {god gift}
 38445 | Vaults:1 | Lost mutation: You are agile. (Dex +2) [helix card]
 38445 | Vaults:1 | Gained mutation: You are partially covered in slimy green scales (AC +2). [helix card]
 38515 | Vaults:1 | XOM: enchant monster (good)
 38537 | Vaults:1 | XOM: cast spell 'Confusing Touch'
 38744 | Vaults:1 | XOM: potion effect (haste)
 38869 | Vaults:2 | XOM: summons friendly shadow imp
 38873 | Vaults:2 | Reached skill level 13 in Armour
 38899 | Vaults:2 | XOM: polymorph redback -> shock serpent
 38916 | Vaults:2 | XOM: noise
 39064 | Vaults:2 | XOM: severe Trmt miscast
 39064 | Vaults:2 | Lost mutation: You possess an exceptional clarity of mind. [the severe capriciousness of Xom]
 39188 | Vaults:2 | Found Culillos's Antique Armour Shop.
 39201 | Vaults:2 | Bought a steaming leather armour for 238 gold pieces
 39220 | Vaults:2 | Identified the +2 leather armour of the Sea {rC+} (You bought it in a shop on level 2 of the Vaults)
 39285 | Vaults:2 | XOM: noise
 39300 | Vaults:2 | XOM: fog
 39550 | Vaults:2 | Found a sparkling altar of Nemelex Xobeh.
 39741 | Vaults:2 | XOM: mild Trmt miscast
 39778 | Vaults:2 | XOM: cast spell 'Necromutation'
 39784 | Vaults:2 | XOM: mild Chrm miscast
 39889 | Vaults:2 | XOM: give mutation
 39889 | Vaults:2 | Gained mutation: You are frail (-10% HP). [Xom's mischief]
 39891 | Vaults:2 | XOM: enchant monster (bad)
 39988 | Vaults:3 | Found Neskot's Gadget Boutique.
 39988 | Vaults:3 | XOM: stealth player
 40056 | Vaults:3 | Reached skill level 17 in Fighting
 40109 | Vaults:3 | Found a staircase to the Crypt.
 40114 | Vaults:3 | XOM: 6-stop teleportation journey
 40116 | Vaults:3 | Noticed Mennas
 40271 | Vaults:3 | XOM: harmless Pois miscast
 40435 | Vaults:3 | Hired Raghu the naga for 180 gold.
 40441 | Vaults:3 | Your ally Raghu died
 40444 | Vaults:3 | Killed Mennas
 40597 | Vaults:3 | XOM: chaos cloud
 40602 | Vaults:3 | Paralysed by you for 6 turns
 40606 | Vaults:3 | HP: 52/261 [slime creature (19)]
 40607 | Vaults:3 | HP: 23/261 [slime creature (4)]
 40608 | Vaults:3 | HP: 10/261 [slime creature (5)]
 40608 | Vaults:3 | Slain by a slime creature

Vault maps used:
D:1:      onia_arrival_zoo_common, serial_forest, infiniplex_forest_end_3,
          infiniplex_forest_lined_room_, infiniplex_forest_clump_diagonal,
          infiniplex_forest_clump_double, infiniplex_forest_clump_double,
          infiniplex_forest_end_2, infiniplex_forest_clump_tiny, hex_large,
          minmay_fountain_box
D:2:      overflow_temple_1_default, first_bread,
          grunt_dithmenos_smoke_and_mirrors
D:3:      lemuel_crystal_altar, lightli_sewer_entry_pipes, minmay_misc_feat_iff,
          uniq_iyjb, uniq_robin
D:5:      kennysheep_mini, minmay_temple_entry_large_hall, bh_walls_and_bars,
          uniq_grinder
D:6:      bloody_trog, basic_altar, trog_hazing_becter
D:7:      nemelex_deck, gammafunk_temple_overflow_pools, basic_altar,
          serial_glass, glass_columns_c, glass_columns_a, the_bakery,
          uniq_menkaure, uniq_crazy_yiuf_cottage
D:8:      lair_0_dummy
D:9:      led_sif_book
D:10:     orc_0_dummy
D:11:     portal_ice_cave_entry_ice_beasts
D:12:     basic_altar, uniq_erolcha
D:13:     grunt_vaults_entry_tiered, minmay_another_anthill
Lair:2:   grunt_forest_large_clearing_hut, lemuel_fruit_tree
Lair:3:   guppyfry_snake_entry_garden, eino_house_with_fridge,
          bh_autumn_forest_stairs
Lair:4:   grunt_megastairs_3
Lair:5:   eino_small_chamber_without_monster, roderic_ravens_nest,
          lemuel_fruit_fields, grunt_megastairs_2, uniq_rupert
Lair:6:   minmay_shoals_entry_lonely_mermaid
Lair:7:   infiniplex_staircase_pool
Lair:8:   evil_forest, slime_altar_2, basic_altar, lab_entry_generic,
          grunt_megastairs_5, uniq_nessos
Shoals:1: nicolae_shoals_aquamancer_cove
Shoals:2: serial_shops, shop
Shoals:3: cheibrodos_shoals_oceanic_diplomacy, serial_shops, shop
Shoals:4: shoals_end_simple, shoals_ilsuiw_alternative
Snake:1:  serial_shops, nicolae_shop_crystal
Snake:4:  minmay_snake_end_coiled, nicolae_snake_double_loop,
          serial_bayou_shore_b
Orc:1:    serial_shops, shop_fountains, nicolae_volcano_entry_lava_flow,
          trog_butcher_becter
Orc:2:    serial_shops, nicolae_shop_overgrown_old_shop, basic_altar
Orc:3:    nicolae_orc_pool_cavern
Orc:4:    grunt_orc_community_town_hall, grunt_orc_community_big_house_2,
          grunt_orc_community_big_house_1, grunt_orc_community_house_2,
          grunt_orc_community_house_2, grunt_orc_community_house_3,
          grunt_orc_community_house_1, grunt_orc_community_house_2,
          grunt_orc_community_house_2, serial_shops, nicolae_shop_waterfront,
          shop, nicolae_shop_stone
Elf:1:    eino_elf_arrival_the_gate, serial_shops, shop,
          hangedman_elf_disciples, corner_web_ring
Vaults:1: hangedman_vaults_river_flow, nicolae_vaults_hallways_thing, v_misc_10,
          vaults_room_hangedman_quadrants, ontoclasm_vaults_eye, v_misc_27,
          nicolae_vaults_sealed_display, vaults_mumra_lcd, v_misc_8,
          ontoclasm_vaults_loading_screen, v_rooms_2
Vaults:2: vaults_room_octagon, hangedman_vaults_nodes, grunt_vaults_funnel,
          nicolae_vaults_stairing_the_circle, v_misc_3, vaults_mumra_minichess,
          ontoclasm_vaults_shuriken, ontoclasm_vaults_ligature,
          vaults_room_pools, v_misc_27, nicolae_vaults_diagonal_hallway_6,
          ontoclasm_vaults_gateway, ontoclasm_vaults_ring_small, basic_altar,
          serial_shops, shop_statue
Vaults:3: v_misc_4, vaults_standard_mumra_x, v_misc_4, ontoclasm_vaults_fault,
          nicolae_vaults_little_ls, vaults_room_semicircle, dummy_crypt_entry,
          serial_shops, nicolae_shop_stone,
          nicolae_shop_temple_entry_statues_fountains, shop_fountains,
          uniq_mennas
Lab:      labyrinth_spiral, nicolae_lab_big_swirl, labyrinth_fake_exit,
          nicolae_lab_garden, labyrinth_skeletal_remains
Sewer:    sewer_co_scattered_pipes
IceCv:    ice_cave_statue_garden_01
Volcano:  volcano_lake

Action                   |  1- 3 |  4- 6 |  7- 9 | 10-12 | 13-15 | 16-18 | 19-21 || total
-------------------------+-------+-------+-------+-------+-------+-------+-------++-------
Melee: Falchion          |   156 |   213 |   386 |       |       |       |       ||   755
       Unarmed           |       |       |     7 |       |       |       |     1 ||     8
       Long sword        |       |       |   218 |  1853 |   780 |       |       ||  2851
       Double sword      |       |       |       |       |   773 |  1315 |   521 ||  2609
Throw: Throwing net      |       |       |     1 |     1 |       |       |       ||     2
 Abil: Spit Poison       |       |       |     8 |    29 |    13 |     4 |       ||    54
       Evoke Invisibilit |       |       |       |     1 |       |       |       ||     1
Evoke: Deck              |       |       |     2 |     5 |     5 |       |    10 ||    22
       Phial of floods   |       |       |       |     1 |       |       |       ||     1
       Lamp of fire      |       |       |       |     1 |       |       |       ||     1
       Wand              |       |       |       |     3 |       |     1 |       ||     4
       Sack of spiders   |       |       |       |       |     2 |       |     1 ||     3
       Rod               |       |       |       |       |       |     6 |     7 ||    13
  Use: Scroll            |       |     9 |     8 |    14 |    25 |     7 |     5 ||    68
       Potion            |       |     9 |    16 |     3 |     4 |     2 |       ||    34
 Stab: Petrifying        |     1 |       |     2 |       |       |       |       ||     3
       Distracted        |       |     2 |       |     1 |     1 |     4 |     1 ||     9
       Petrified         |       |       |     1 |       |       |       |       ||     1
       Paralysed         |       |       |     1 |       |     6 |       |       ||     7
       Held in net/web   |       |       |     1 |       |       |       |       ||     1
       Invisible         |       |       |       |     1 |       |       |       ||     1
       Confused          |       |       |       |       |     8 |    10 |       ||    18
       Sleeping          |       |       |       |       |     1 |       |       ||     1
       Fleeing           |       |       |       |       |       |     1 |       ||     1
  Eat: Chunk             |     1 |     6 |    14 |    28 |    30 |    26 |     6 ||   111
       Bread ration      |       |     1 |       |       |       |       |       ||     1
       Beef jerky        |       |       |       |     1 |     2 |     2 |       ||     5
       Royal jelly       |       |       |       |     1 |     3 |     4 |     3 ||    11
       Fruit             |       |       |       |       |     1 |       |       ||     1
       Pizza             |       |       |       |       |     1 |       |       ||     1

Vault maps used:
D:1:      onia_arrival_zoo_common, serial_forest, infiniplex_forest_end_3,
          infiniplex_forest_lined_room_, infiniplex_forest_clump_diagonal,
          infiniplex_forest_clump_double, infiniplex_forest_clump_double,
          infiniplex_forest_end_2, infiniplex_forest_clump_tiny, hex_large,
          minmay_fountain_box
D:2:      overflow_temple_1_default, first_bread,
          grunt_dithmenos_smoke_and_mirrors
D:3:      lemuel_crystal_altar, lightli_sewer_entry_pipes, minmay_misc_feat_iff,
          uniq_iyjb, uniq_robin
D:5:      kennysheep_mini, minmay_temple_entry_large_hall, bh_walls_and_bars,
          uniq_grinder
D:6:      bloody_trog, basic_altar, trog_hazing_becter
D:7:      nemelex_deck, gammafunk_temple_overflow_pools, basic_altar,
          serial_glass, glass_columns_c, glass_columns_a, the_bakery,
          uniq_menkaure, uniq_crazy_yiuf_cottage
D:8:      lair_0_dummy
D:9:      led_sif_book
D:10:     orc_0_dummy
D:11:     portal_ice_cave_entry_ice_beasts
D:12:     basic_altar, uniq_erolcha
D:13:     grunt_vaults_entry_tiered, minmay_another_anthill
Lair:2:   grunt_forest_large_clearing_hut, lemuel_fruit_tree
Lair:3:   guppyfry_snake_entry_garden, eino_house_with_fridge,
          bh_autumn_forest_stairs
Lair:4:   grunt_megastairs_3
Lair:5:   eino_small_chamber_without_monster, roderic_ravens_nest,
          lemuel_fruit_fields, grunt_megastairs_2, uniq_rupert
Lair:6:   minmay_shoals_entry_lonely_mermaid
Lair:7:   infiniplex_staircase_pool
Lair:8:   evil_forest, slime_altar_2, basic_altar, lab_entry_generic,
          grunt_megastairs_5, uniq_nessos
Shoals:1: nicolae_shoals_aquamancer_cove
Shoals:2: serial_shops, shop
Shoals:3: cheibrodos_shoals_oceanic_diplomacy, serial_shops, shop
Shoals:4: shoals_end_simple, shoals_ilsuiw_alternative
Snake:1:  serial_shops, nicolae_shop_crystal
Snake:4:  minmay_snake_end_coiled, nicolae_snake_double_loop,
          serial_bayou_shore_b
Orc:1:    serial_shops, shop_fountains, nicolae_volcano_entry_lava_flow,
          trog_butcher_becter
Orc:2:    serial_shops, nicolae_shop_overgrown_old_shop, basic_altar
Orc:3:    nicolae_orc_pool_cavern
Orc:4:    grunt_orc_community_town_hall, grunt_orc_community_big_house_2,
          grunt_orc_community_big_house_1, grunt_orc_community_house_2,
          grunt_orc_community_house_2, grunt_orc_community_house_3,
          grunt_orc_community_house_1, grunt_orc_community_house_2,
          grunt_orc_community_house_2, serial_shops, nicolae_shop_waterfront,
          shop, nicolae_shop_stone
Elf:1:    eino_elf_arrival_the_gate, serial_shops, shop,
          hangedman_elf_disciples, corner_web_ring
Vaults:1: hangedman_vaults_river_flow, nicolae_vaults_hallways_thing, v_misc_10,
          vaults_room_hangedman_quadrants, ontoclasm_vaults_eye, v_misc_27,
          nicolae_vaults_sealed_display, vaults_mumra_lcd, v_misc_8,
          ontoclasm_vaults_loading_screen, v_rooms_2
Vaults:2: vaults_room_octagon, hangedman_vaults_nodes, grunt_vaults_funnel,
          nicolae_vaults_stairing_the_circle, v_misc_3, vaults_mumra_minichess,
          ontoclasm_vaults_shuriken, ontoclasm_vaults_ligature,
          vaults_room_pools, v_misc_27, nicolae_vaults_diagonal_hallway_6,
          ontoclasm_vaults_gateway, ontoclasm_vaults_ring_small, basic_altar,
          serial_shops, shop_statue
Vaults:3: v_misc_4, vaults_standard_mumra_x, v_misc_4, ontoclasm_vaults_fault,
          nicolae_vaults_little_ls, vaults_room_semicircle, dummy_crypt_entry,
          serial_shops, nicolae_shop_stone,
          nicolae_shop_temple_entry_statues_fountains, shop_fountains,
          uniq_mennas
Lab:      labyrinth_spiral, nicolae_lab_big_swirl, labyrinth_fake_exit,
          nicolae_lab_garden, labyrinth_skeletal_remains
Sewer:    sewer_co_scattered_pipes
IceCv:    ice_cave_statue_garden_01
Volcano:  volcano_lake

Table legend:
 A = Turns spent in this place as a percentage of turns spent in the entire game.
 B = Non-inter-level travel turns spent in this place as a percentage of non-inter-level travel turns spent in the entire game.
 C = Inter-level travel turns spent in this place as a percentage of turns spent in this place.
 D = Turns resting spent in this place as a percentage of non-inter-level travel turns spent in this place.
 E = Turns spent auto-exploring this place as a percentage of non-inter-level travel turns spent in this place.
 F = Non-inter-level travel turns spent in this place divided by the number of levels of this place that you've seen.
                   A       B       C       D       E      F
               +-------+-------+-------+-------+-------+----------------------
         Total | 100.0 | 100.0 |   0.5 |   1.1 |   7.2 | 453.3
       Dungeon |  34.3 |  34.3 |   0.6 |   1.5 |   7.2 | 489.9
          Lair |  15.9 |  15.8 |   1.0 |   0.3 |   8.8 | 366.6
        Shoals |  10.7 |  10.7 |   0.3 |   0.2 |   6.4 | 498.0
     Snake Pit |  11.2 |  11.2 |   0.4 |   1.8 |   7.8 | 518.8
  Orcish Mines |  11.5 |  11.5 |   0.6 |   0.7 |   6.9 | 533.5
   Elven Halls |   1.1 |   1.1 |   0.0 |   2.0 |   3.5 | 200.0
        Vaults |  11.1 |  11.1 |   0.1 |   0.4 |   7.2 | 688.7
     Labyrinth |   0.9 |   0.9 |   0.0 |   1.8 |   0.0 | 165.0
         Sewer |   1.4 |   1.4 |   0.0 |   2.7 |   9.2 | 262.0
      Ice Cave |   0.5 |   0.5 |   0.0 |   5.8 |   0.0 |  86.0
       Volcano |   1.6 |   1.6 |   0.0 |   3.3 |   0.0 | 302.0
               +-------+-------+-------+-------+-------+----------------------

Table legend:
 A = Kills in this place as a percentage of kills in entire the game.
 B = Kills by you in this place as a percentage of kills by you in the entire game.
 C = Kills by friends in this place as a percentage of kills by friends in the entire game.
 D = Other kills in this place as a percentage of other kills in the entire game.
 E = Experience gained in this place as a percentage of experience gained in the entire game.
 F = Experience gained in this place divided by the number of levels of this place that you have seen.
                   A       B       C       D       E      F
               +-------+-------+-------+-------+-------+----------------------
         Total | 100.0 | 100.0 | 100.0 | 100.0 | 100.0 | 9628.1
       Dungeon |  29.0 |  27.2 |  58.3 |   0.0 |  10.0 | 3036.6
          Lair |  19.2 |  20.1 |   6.2 |  20.0 |  14.8 | 7292.2
        Shoals |   9.4 |   9.5 |   6.2 |  20.0 |  20.0 | 19707.2
     Snake Pit |  10.4 |  10.9 |   3.1 |   0.0 |  23.4 | 23090.8
  Orcish Mines |  16.4 |  16.0 |  21.9 |  20.0 |   3.3 | 3241.2
   Elven Halls |   0.5 |   0.5 |   1.0 |   0.0 |   0.6 | 2291.0
        Vaults |  12.6 |  13.3 |   0.0 |  40.0 |  26.7 | 35101.3
     Labyrinth |   0.1 |   0.1 |   0.0 |   0.0 |   0.3 | 1065.0
         Sewer |   1.3 |   1.1 |   3.1 |   0.0 |   0.1 | 272.0
      Ice Cave |   0.4 |   0.5 |   0.0 |   0.0 |   0.2 | 880.0
       Volcano |   0.8 |   0.8 |   0.0 |   0.0 |   0.8 | 2969.0
               +-------+-------+-------+-------+-------+----------------------
